Map: Beckett Industries LE

Players

Pigpatch

  • Race: Terran Terran
  • League: Master
  • Spawn Location: 1:00

llllllllllll - Winner!

  • Race: Protoss Protoss
  • League: Master
  • Spawn Location: 7:00

VOD

Have the link to the VOD?

Description

Time

  • Played on: March 11, 2022, 7:25 p.m.
  • Length: 5:45
Show
View Real Time Build Order
Export as new Build Order

Pigpatch Terran 

Build Orders: Reaper Expand 

Get SALT Encoding   

  12  0:00  SCV  
  13  0:12  SCV  
  14  0:17  Supply Depot  
  14  0:24  SCV  
  15  0:38  SCV  
  15  0:40  Barracks  
  16  0:43  Refinery  
  16  0:50  SCV  
  17  1:02  SCV  
  18  1:15  SCV  
  19  1:27  Orbital Command, Reaper  
  20  1:40  Command Center  
  20  1:48  Supply Depot  
  20  1:53  SCV  
  21  1:59  Marine  
  22  2:07  Factory  
  22  2:11  SCV  
  23  2:17  Marine  
  23  2:22  Bunker  
  24  2:37  SCV  
  24  2:44  Marine  
  24  2:48  Engineering Bay  
  24  2:50  SCV  
  26  2:53  Refinery  
  26  2:58  Orbital Command  
  26  3:02  Factory Tech Lab  
  26  3:06  SCV  
  26  3:11  Marine  
  28  3:16  Barracks  
  28  3:21  Bunker  
  28  3:22  Cyclone  
  28  3:25  Missile Turret  
  28  3:26  SCV  
  32  3:32  Marine  
  33  3:39  Orbital Command, Missile Turret  
  33  3:45  Supply Depot  
  33  3:49  Supply Depot  
  33  3:57  Cyclone  
  36  4:07  Missile Turret  
  33  4:29  Cyclone  
  33  4:30  SCV x2  
  37  4:42  SCV x2  
  39  4:46  Marine  
  39  4:59  SCV  
  38  5:00  SCV  
  38  5:01  Cyclone  
  38  5:04  Marine  
  42  5:10  Missile Turret  
  40  5:22  SCV x2  
  40  5:23  Marine  
  41  5:34  Missile Turret  
  42  5:41  Missile Turret  
Show
View Real Time Build Order
Export as new Build Order

llllllllllll Protoss - Winner!

Build Orders: Proxy Void Ray 

Get SALT Encoding   

  12  0:00  Probe  
  14  0:18  Pylon  
  14  0:20  Probe  
  14  0:32  Probe  
  15  0:37  Gateway  
  15  0:40  Assimilator  
  15  0:44  Probe (Chrono Boost)  
  15  0:49  Assimilator  
  16  0:54  Probe (Chrono Boost)  
  17  1:00  Probe  
  18  1:12  Probe  
  19  1:24  Cybernetics Core  
  19  1:26  Zealot  
  19  1:27  Pylon  
  19  1:30  Probe  
  22  1:42  Probe  
  23  1:59  Stalker (Chrono Boost)  
  23  2:01  Stargate  
  25  2:15  Pylon  
  25  2:22  Stalker  
  27  2:27  Pylon  
  26  2:43  Void Ray (Chrono Boost)  
  28  2:52  Stalker  
  28  2:57  Shield Battery  
  30  3:02  Shield Battery  
  30  3:07  Warp Gate  
  30  3:18  Pylon  
  30  3:29  Void Ray (Chrono Boost)  
  34  3:38  Shield Battery  
  34  3:41  Shield Battery  
  34  3:59  Void Ray (Chrono Boost)  
  38  4:17  Pylon  
  38  4:31  Shield Battery  
  38  4:35  Stalker  
  38  4:36  Void Ray (Chrono Boost)  
  44  4:59  Shield Battery  
  44  5:09  Pylon  
Tags
 
Add a new tag
Caveats
  • Supply blocks, unpowered buildings, or Contaminate may cause inaccurate times.
  • Supply counts are checked every 10 seconds.